 Dungeon Crawl Stone Soup version 0.26-a0-682-g294304f6e8 (webtiles) character file.

Game seed: 2710480657567665728

58 Ijustatesigmund the Grasshopper (level 3, 0/19 HPs)
             Began as a Spriggan Warper on Oct 20, 2020.
             Slain by a goblin
             ... wielding a +0 club
              (5 damage)
             ... on level 2 of the Dungeon.
             The game lasted 00:02:39 (2077 turns).

Ijustatesigmund the Grasshopper (Spriggan Warper)   Turns: 2077, Time: 00:02:40

Health: 0/19       AC:  2    Str:  7    XL:     3   Next: 75%
Magic:  8/8        EV: 19    Int: 14    God:
Gold:   67         SH:  0    Dex: 16    Spells: 5/7 levels left

rFire    . . .     SeeInvis +   a - +0 short sword
rCold    . . .     Faith    .   (shield restricted)
rNeg     . . .     Spirit   .   b - +0 robe
rPois    .         Reflect  .   (helmet restricted)
rElec    .         Harm     .   (no cloak)
rCorr    .         Rampage  .   (gloves unavailable)
MR       .....                  (boots unavailable)
Stlth    +.........             j - amulet of the acrobat
HPRegen  0.06/turn              (no ring)
MPRegen  0.11/turn              (no ring)

@: very quick
A: very small, unfitting armour, see invisible, speed 3
a: no special abilities


You were on level 2 of the Dungeon.
You visited 1 branch of the dungeon, and saw 3 of its levels.

You collected 67 gold pieces.

Inventory:

Hand Weapons
 a - a +0 short sword (weapon)
Missiles
 e - 5 boomerangs of dispersal (quivered)
 f - 34 poisoned darts
Armour
 b - a +0 robe (worn)
Jewellery
 j - an amulet of the acrobat (around neck)
Scrolls
 d - a scroll of blinking
 l - 2 scrolls of teleportation
Potions
 c - a potion of ambrosia {unknown}
 g - 2 potions of curing
 i - a potion of invisibility {unknown}


   Skills:
 + Level 2.6 Fighting
 + Level 3.5 Short Blades
 - Level 1.0 Throwing
 - Level 3.5 Dodging
 - Level 2.6 Spellcasting
 - Level 4.4 Translocations


You had 5 spell levels left.
You knew the following spells:

 Your Spells              Type           Power        Failure   Level
a - Blink                 Tloc           N/A          5%          2

Your spell library contained the following spells:

 Spells                   Type           Power        Failure   Level
 Gell's Gravitas          Tloc           ##........   11%         3
 Lesser Beckoning         Tloc           ##........   11%         3
 Teleport Other           Tloc           ##......     11%         3
 Passage of Golubria      Tloc           N/A          36%         4


Dungeon Overview and Level Annotations

Branches:
Dungeon (3/15)

Altars:
Nemelex Xobeh
Zin


Innate Abilities, Weirdness & Mutations

You are very small and have problems with some larger weapons.
You are too small for most types of armour.
You have supernaturally acute eyesight. (SInv)
You cover ground extremely quickly.


Message History

Found a ring mail.
You see here a scroll labeled APLOLYC LENOLL.
There is a stone staircase leading up here.
You climb upwards.
Found a sparkling altar of Nemelex Xobeh and a glowing silver altar of Zin.
There is a stone staircase leading down here.
You start resting.
HP restored.
There is a stone staircase leading down here.
You climb downwards.
The goblin hits you with a +0 club. x3
There is a stone staircase leading up, spattered with blood here.
You barely miss the goblin. The goblin completely misses you.
The goblin hits you with a +0 club. The goblin hits you with a +0 club.
* * * LOW HITPOINT WARNING * * *
You climb upwards.
There is a stone staircase leading down here.
You barely miss the goblin. The goblin hits you but does no damage.
The goblin hits you with a +0 club.
You die...

# ### ## #.
###8###_###
#.##8...8...8###
#.##g........###
#.#@.........8#.
####g........##.
###8...8...8##.
###8###_### ###
##


You could see 2 goblins.

Vanquished Creatures
  Jessica (D:3)
  A worm (D:2)
  A leopard gecko (D:1)
  3 giant cockroaches
  3 goblins (D:1)
  4 hobgoblins
  3 jackals (D:1)
  4 kobolds (D:1)
  2 bats
  A frilled lizard (D:1)
  2 rats (D:1)
25 creatures vanquished.

Notes
Turn   | Place    | Note
-------+----------+-------------------------------------------
     0 | D:1      | Ijustatesigmund the Spriggan Warper began the quest for the
                  | Orb.
     0 | D:1      | Reached XP level 1. HP: 10/10 MP: 5/5
   519 | D:1      | Reached XP level 2. HP: 15/15 MP: 6/6
   903 | D:1      | Learned a level 2 spell: Blink
  1729 | D:2      | Reached XP level 3. HP: 12/19 MP: 8/8
  1904 | D:2      | You fall into a shaft and drop 1 floor!
  1906 | D:3      | Noticed Jessica
  1920 | D:3      | Killed Jessica
  1934 | D:2      | Found a sparkling altar of Nemelex Xobeh.
  1934 | D:2      | Found a glowing silver altar of Zin.
  2077 | D:2      | Slain by a goblin

Illustrated notes

Levels and vault maps discovered:
D:1:      dpeg_arrival_snail, layout_loops_ring, minmay_misc_feat_columns
D:2:      layout_rooms, nicolae_overflow_hidden_temple, lemuel_tele_altar,
          uniq_natasha
D:3:      layout_rooms, grunt_gozag_statues, st_stairs_4, uniq_robin,
          uniq_jessica

Skill      XL: |  1  2 |
---------------+-------+-----
Fighting       | 2 |  2.6
Short Blades   | 3 |  3.5
Throwing       | |  1.0
Dodging        | |  3.5
Spellcasting   | |  2.6
Translocations | |  4.4

Action                   || total
-------------------------++-------
Melee: Short sword       ||   159
  Use: Scroll            ||     3
       Potion            ||     2
 Stab: Sleeping          ||     1
Armor: Robe              ||    12
Dodge: Dodged            ||   166

Table legend: (Time is in decaauts)
 A = Elapsed time spent in this place.
 B = Non-inter-level travel time spent in this place.
 C = Inter-level travel time spent in this place.
 D = Time resting spent in this place.
 E = Time spent auto-exploring this place.
 F = Levels seen in this place.
 G = Mean time per level.
                   A        B        C        D        E       F      G
               +--------+--------+--------+--------+--------+-----+--------+
         Total |   1779 |   1777 |      2 |    640 |    892 |   3 |  593.0 |
       Dungeon |   1779 |   1777 |      2 |    640 |    892 |   3 |  593.0 |
               +--------+--------+--------+--------+--------+-----+--------+

Top non-repeatable levels by time:
     D:1: 1337 daAuts
     D:2: 414 daAuts
     D:3: 26 daAuts
